AoeStats
← 极地沙尘暴

Arena

507488100Analyzed
1v1 RM · 13d ago on Sep 18, 2026· 50m 26s· 2 players
Game mode
Random Map
Map size
Tiny (2 player)
Population
200
Speed
Normal
Resources
Standard
Victory
Conquest
Starting age
Dark Age
Ending age
Imperial Age
RankedLock teamsTeams togetherTeam positionsShared explorationLock speedFull tech treeHidden civsTurbo modeCheats
Victory
Defeat
🇪🇸 Muisca · Spain
1444
+17
🇨🇳 Khitans · China
1460
-17
Alec0nk
9:46 Feudal Age
13:35 Castle Age
11:47 Double-Bit Axe
12:30 Horse Collar
15:49 Loom
19:44 Sanctity
21:12 Wheelbarrow
20:23 Town Watch
22:33 Loom
23:39 Fletching
26:12 Hand Cart
27:15 Bow Saw
29:02 Heavy Plow
28:56 Gold Mining
33:37 Imperial Age
31:10 Bodkin Arrow
31:17 Stone Mining
32:27 Masonry
31:59 Treadmill Crane
31:56 Elite Skirmisher
31:56 Crossbowman
32:42 Padded Archer Armor
32:50 Thumb Ring
33:29 Gold Shaft Mining
33:40 Arbalester
34:27 Bracer
35:35 Chemistry
36:34 Ballistics
37:55 Two-Man Saw
37:32 Leather Archer Armor
37:25 Herbalism
37:45 Conscription
39:20 Stone Shaft Mining
38:59 Scale Mail Armor
40:32 Masonry
41:45 Pikeman
41:58 Elite Temple Guard
42:59 Squires
43:15 Chain Mail Armor
43:10 Forging
43:23 Siege Engineers
43:03 Pikeman
44:41 Crop Rotation
44:19 Pikeman
46:19 Plate Mail Armor
46:24 Iron Casting
46:27 Hoardings
极地沙尘暴
8:56 Feudal Age
9:31 Double-Bit Axe
9:48 Domestication
19:30 Castle Age
17:21 Loom
19:37 Castle Age
17:32 Stone Mining
19:11 Forging
19:01 Gold Mining
24:14 Bow Saw
25:30 Squires
26:17 Scale Mail Armor
27:37 Wheelbarrow
30:56 Imperial Age
30:53 Scale Barding Armor
31:24 Iron Casting
32:12 Husbandry
32:34 Chain Barding Armor
35:05 Plate Barding Armor
35:22 Conscription
36:41 Hand Cart
37:52 Lamellar Armor
37:13 Elite Steppe Lancer
42:12 Capped Ram
43:33 Siege Ram
45:25 Pastoralism
49:36 Light Cavalry
Connection lost

Rejoining the realm…

Still unreachable

The connection could not be restored.

Session expired

The server has moved on; the page needs a fresh start.